Map: Orbital Shipyard

Players

Buchinthebox - Winner!

  • Race: Terran Terran
  • League: Master

Fullmetal

  • Race: Terran Terran
  • League: Master

VOD

Have the link to the VOD?

Description

Time

  • Played on: Nov. 16, 2015, 12:04 a.m.
  • Length: 3:16
Show
View Real Time Build Order
Export as new Build Order

Buchinthebox Terran - Winner!

Build Orders:  

Get SALT Encoding   

  13  0:12  Supply Depot  
  12  0:19  Refinery  
  12  0:36  Barracks  
  12  0:54  Barracks  
  12  1:01  SCV  
  13  1:13  SCV  
  14  1:23  Reaper  
  15  1:27  SCV  
  16  1:39  Orbital Command  
  16  1:44  Reaper  
  17  1:55  Reaper  
  18  2:16  Reaper  
  18  2:20  SCV  
  20  2:23  Supply Depot  
  20  2:27  Reaper  
  22  2:58  SCV  
  23  3:05  Command Center  
Show
View Real Time Build Order
Export as new Build Order

Fullmetal Terran 

Build Orders: Reaper Expand 

Get SALT Encoding   

  12  0:01  SCV  
  13  0:13  SCV  
  14  0:18  Supply Depot  
  14  0:25  SCV  
  15  0:39  SCV  
  15  0:42  Barracks  
  16  0:46  Refinery  
  16  0:51  SCV  
  17  1:03  SCV  
  18  1:15  SCV  
  19  1:30  Orbital Command  
  19  1:31  Reaper  
  20  1:41  Command Center  
  20  1:53  Supply Depot  
  20  2:00  SCV  
  21  2:03  Reaper  
  22  2:14  SCV  
  22  2:15  Barracks  
  23  2:26  SCV  
  24  2:35  Reaper  
  22  2:38  SCV  
  23  2:46  Bunker  
  23  2:51  SCV  
  21  3:03  SCV  
Tags
 
Add a new tag
Caveats
  • Supply blocks, unpowered buildings, or Contaminate may cause inaccurate times.
  • Supply counts are checked every 10 seconds.